 Dungeon Crawl Stone Soup version 0.21-a0-78-g82a99e0 (webtiles) character file.

3675 xgamer67 the Cleaver (level 10, 47/47 HPs)
             Began as a Vine Stalker Berserker on June 21, 2017.
             Was a Priest of Trog.
             Quit the game in a labyrinth.
             The game lasted 00:13:10 (2313 turns).

xgamer67 the Cleaver (Vine Stalker Berserker)       Turns: 2313, Time: 00:13:10

Health: 47/47      AC: 11    Str: 24    XL:     10   Next: 13%
Magic:  11/11      EV:  7    Int:  9    God:    Trog [***...]
Gold:   211        SH:  0    Dex: 11    Spells: 9/9 levels left

rFire    . . .     SeeInvis .   a - +0 hand axe
rCold    + . .     Gourm    .   (no shield)
rNeg     . . .     Faith    .   i - +0 plate armour
rPois    +         Spirit   +   n - +0 helmet
rElec    .         Reflect  .   (no cloak)
rCorr    .         Harm     .   (no gloves)
MR       +++..                  (no boots)
Stlth    ..........             (no amulet)
HPRegen  0.55/turn              f - ring of Dishonesty {rPois MR++ Str+3 Dex-5}
MPRegen  0.12/turn              m - ring of protection from cold

@: no status effects
A: fangs 3, clever 1, regeneration 1, magic shield, antimagic bite, no potion
heal 3, rot immunity
a: Berserk, Trog's Hand, Burn Spellbooks, Renounce Religion


You were in a labyrinth.
You worshipped Trog.
Trog was most pleased with you.
You were not hungry.

You visited 1 branch of the dungeon, and saw 11 of its levels.
You also visited: Labyrinth.

You collected 211 gold pieces.

Inventory:

Hand Weapons
 a - a +0 hand axe (weapon)
Missiles
 r - 5 javelins (quivered)
Armour
 i - a +0 plate armour (worn)
 n - a +0 helmet (worn)
Jewellery
 f - the ring of Dishonesty (left hand) {rPois MR++ Str+3 Dex-5}
   (You found it on level 4 of the Dungeon)

   [ring of poison resistance]

   It affects your strength (+3).
   It affects your dexterity (-5).
   It protects you from poison.
   It affects your resistance to hostile enchantments.
 m - a ring of protection from cold (right hand)
Wands
 s - a wand of flame (14/48)
Scrolls
 d - 2 scrolls of fear
 e - 2 scrolls of identify
 h - a scroll of teleportation {unknown}
 k - 2 scrolls of remove curse
 o - a scroll of blinking {unknown}
 v - a scroll of immolation {unknown}
Potions
 b - a potion of invisibility
 g - 3 potions of degeneration {unknown}
 j - a potion of cancellation
 q - a potion of curing {unknown}
 u - a potion of flight {unknown}
Books
 p - a book of Minor Magic

   Spells                             Type                      Level
   a - Magic Dart                     Conjuration                  1
   b - Blink                          Translocation                2
   c - Call Imp                       Summoning                    2
   d - Slow                           Hexes                        2
   e - Conjure Flame                  Conjuration/Fire             3
   f - Mephitic Cloud                 Conjuration/Poison/Air       3
   Trog disapproves of the use of such an item.
Comestibles
 c - 2 bread rations


   Skills:
 - Level 2.6 Fighting
 + Level 12.9 Axes
 - Level 1.5 Armour
 - Level 1.5 Dodging


You had 9 spell levels left.
You didn't know any spells.

Dungeon Overview and Level Annotations

Branches:
Dungeon (11/15)              Lair (0/6) D:11
 Temple: D:4-7          Orc: D:9-12

Altars:


Innate Abilities, Weirdness & Mutations

You have razor-sharp teeth.
Your natural rate of healing is unusually fast.
When hurt, damage is shared between your health and your magic reserves.
Your bite disrupts and absorbs the magic of your enemies.
Potions cannot restore your health.
You are immune to rotting.
Your mind is acute. (Int +2)


Message History

You are starving!
You feel a sudden draft!
You are fainting from starvation!
You lose consciousness!
You can move again.
You lose consciousness!
You can move again.
You eat the fruit.
You are near starving!
That banana was delicious!
You are a level 10 Vine Stalker Berserker.
You are 13% of the way to level 11.
Play time: 00:12:46 (2253 turns)
Okay, then.
You eat one of the 3 bread rations.
That bread ration really hit the spot!
Saving game... please wait.
Welcome back, xgamer67 the Vine Stalker Berserker.
Trog says: Kill them all!
Press ? for a list of commands and other information.
Are you sure you want to abandon this character and quit the game? (Confirm with "yes".)

#### #... .#
#######.#.#####.#
#.@...#.#.......#
#.#.#.#.##......#
. ...#.#....
.####. .####
########.#.##.#..#
# # . ..
....#.#.#.. ./#.#
## ### #
#####..####..▓ . .
.. ..#........▓ .#
# # # ## ###.#..
.▓ . # .. ...
.#.#...#.#▓


There were no monsters in sight!

Vanquished Creatures
  A two-headed ogre (D:9)
  The ghost of Ijustatesigmund the Warrior, a novice OpAr of Okawaru (D:8)
  The ghost of Kidiri the Insei, a novice DsTm of Wu Jian (D:7)
  A hippogriff (D:8)
  The ghost of HAL9000 the Cutter, an amateur VSAs (D:3)
  5 yaks (D:9)
  A sky beast (D:7)
  An ogre (D:9)
  2 big kobolds
  A bullfrog (D:9)
  A killer bee (D:11)
  3 wights (D:9)
  A crimson imp (D:7)
  A hound (D:9)
  An orc priest (D:5)
  A centaur skeleton (D:7)
  2 worker ants (D:4)
  3 killer bee zombies
  3 adders
  2 shadow imps (D:5)
  2 oozes
  An adder skeleton (D:5)
  2 adder zombies
  A worm (D:4)
  2 dart slugs
  3 leopard geckos
  8 orcs
  2 ball pythons
  A goblin (D:3)
  3 hobgoblins
  A quokka (D:4)
  4 bats
  2 frilled lizards
  6 kobolds
  4 rats
75 creatures vanquished.

Notes
Turn   | Place    | Note
-------+----------+-------------------------------------------
     0 | D:1      | xgamer67 the Vine Stalker Berserker began the quest for the Orb.
     0 | D:1      | Reached XP level 1. HP: 11/11 MP: 2/2
    32 | D:1      | Reached skill level 3 in Axes
   174 | D:2      | Reached XP level 2. HP: 14/16 MP: 3/3
   305 | D:3      | Noticed HAL9000's ghost (amateur VSAs)
   319 | D:3      | Reached XP level 3. HP: 8/19 MP: 4/4
   348 | D:3      | Killed HAL9000's ghost
   348 | D:3      | Reached skill level 5 in Axes
   348 | D:3      | Gained mutation: Your natural rate of healing is unusually fast. [Vine Stalker growth]
   348 | D:3      | Reached XP level 4. HP: 10/23 MP: 5/5
   348 | D:3      | Reached XP level 5. HP: 11/27 MP: 6/6
   533 | D:3      | Reached ** piety under Trog
   613 | D:4      | Got a fine ivory ring
   614 | D:4      | Identified the ring of Dishonesty {rPois MR++ Str+3 Dex-5} (You found it on level 4 of the Dungeon)
   739 | D:4      | Reached XP level 6. HP: 25/32 MP: 7/7
   780 | D:4      | Reached skill level 6 in Axes
   788 | D:5      | Entered Level 5 of the Dungeon
   948 | D:7      | Noticed a sky beast
   953 | D:7      | Noticed Kidiri's ghost (novice DsTm)
   968 | D:7      | Killed a sky beast
   968 | D:7      | Reached skill level 7 in Axes
   968 | D:7      | Reached XP level 7. HP: 35/35 MP: 8/8
   980 | D:7      | Killed Kidiri's ghost
   980 | D:7      | Reached skill level 9 in Axes
   980 | D:7      | Gained mutation: You have razor-sharp teeth. [Vine Stalker growth]
   980 | D:7      | Reached XP level 8. HP: 32/39 MP: 9/9
   987 | D:7      | Gained mutation: Your mind is acute. (Int +2) [mutagenic meat]
   995 | D:8      | Noticed a hippogriff
   995 | D:8      | Noticed Ijustatesigmund's ghost (novice OpAr)
  1032 | D:8      | Killed a hippogriff
  1061 | D:8      | Killed Ijustatesigmund's ghost
  1061 | D:8      | Reached skill level 10 in Axes
  1061 | D:8      | Reached XP level 9. HP: 15/43 MP: 5/10
  1150 | D:9      | Noticed a two-headed ogre
  1170 | D:9      | Killed a two-headed ogre
  1170 | D:9      | Reached skill level 11 in Axes
  1211 | D:9      | Reached *** piety under Trog
  1238 | D:9      | Reached skill level 12 in Axes
  1243 | D:10     | Entered Level 10 of the Dungeon
  1276 | D:10     | Noticed a skeletal warrior
  1277 | D:10     | Noticed a death knight
  1277 | D:10     | Noticed a skeletal warrior
  1416 | D:9      | Reached XP level 10. HP: 47/47 MP: 11/11
  1789 | D:11     | Found a labyrinth entrance.
  1796 | Lab      | Entered a labyrinth
  2194 | Lab      | Paralysed by fainting for 9 turns
  2238 | Lab      | Paralysed by fainting for 8 turns
  2313 | Lab      | Quit the game

Vault maps used:
D:1:      ncdulo_halloftheorcs
D:2:      uniq_crazy_yiuf_cottage
D:3:      kennysheep_the_goblin_king
D:4:      uniq_edmund
D:5:      kennysheep_mini_moat, first_bread, abandoned_shop,
          kennysheep_pointless_box
D:6:      minmay_temple_entry_enclosed_plants
D:7:      uniq_menkaure
D:8:      minitemple
D:10:     hangedman_fish_farm
D:11:     lair_entry_dummy, lab_entry_generic
Lab:      nicolae_lab_stuck, labyrinth_skeletal_remains

Skill      XL: |  1  2  3  4  5  6  7  8  9 |
---------------+----------------------------+-----
Axes           | 3 5 7 9 10 12 | 12.9
Fighting       | |  2.6
Armour         | |  1.5
Dodging        | |  1.5

Action                   |  1- 3 |  4- 6 |  7- 9 | 10-12 || total
-------------------------+-------+-------+-------+-------++-------
Melee: Hand axe          |    39 |   111 |   117 |    28 ||   295
       Bite              |    13 |    35 |    24 |     7 ||    79
Invok: Berserk           |     2 |     2 |     4 |       ||     8
  Use: Scroll            |       |       |     6 |     1 ||     7
 Stab: Sleeping          |     1 |       |       |       ||     1
  Eat: Chunk             |       |     3 |     6 |     1 ||    10
       Bread ration      |       |       |       |     1 ||     1
       Fruit             |       |       |       |     1 ||     1
Armor: Animal skin       |     2 |       |       |       ||     2
       Plate armour      |    14 |   105 |    51 |    19 ||   189
Dodge: Dodged            |    25 |    45 |    30 |     9 ||   109
